 Dungeon Crawl Stone Soup version 0.27-a0-1548-gf8a67e7463 (webtiles) character file.

Game seed: 15111226951590402282

530 funkygono the Firebug (level 7, -1/36 HPs)
             Began as a Gargoyle Fire Elementalist on July 13, 2021.
             Slain by a river rat (4 damage)
             ... summoned by Eustachio
             ... on level 4 of the Dungeon.
             The game lasted 00:13:33 (3779 turns).

funkygono the Firebug (Gargoyle Fire Elementalist)  Turns: 3779, Time: 00:13:33

Health: -1/36      AC:  8    Str: 11    XL:     7   Next: 24%
Magic:  5/14       EV: 12    Int: 18    God:
Gold:   105        SH:  0    Dex: 10    Spells: 10/15 levels left

rFire    . . .     SeeInvis .   e - +0 whip
rCold    . . .     Faith    .   (no shield)
rNeg     + . .     Spirit   .   a - +1 robe
rPois    ∞         Reflect  .   (no helmet)
rElec    +         Harm     .   (no cloak)
rCorr    .         Rampage  .   (no gloves)
Will     .....                  m - +0 pair of boots
Stlth    ++........             (no amulet)
HPRegen  0.12/turn              (no ring)
MPRegen  0.14/turn              (no ring)

@: no status effects
A: sickness immunity, AC +4, negative energy resistance 1, electricity
resistance, torment resistance 1, petrification resistance
a: no special abilities


You were on level 4 of the Dungeon.
You visited 1 branch of the dungeon, and saw 4 of its levels.

You collected 105 gold pieces.

Inventory:

Hand Weapons
 b - a +0 dagger
 e - a +0 whip (weapon)
 k - a +0 morningstar
 o - a +2 dagger of protection
Armour
 a - a +1 robe (worn)
 m - a +0 pair of boots (worn)
 n - a +0 leather armour
Scrolls
 d - 2 scrolls of magic mapping
 p - a scroll of noise {unknown}
Potions
 c - a potion of resistance {unknown}
 f - a potion of cancellation {unknown}
 g - a potion of ambrosia {unknown}
 h - 2 potions of magic
 i - a potion of brilliance {unknown}
 j - a potion of curing {unknown}
 l - a potion of heal wounds {unknown}


   Skills:
 + Level 1.8 Dodging
 - Level 2.1 Stealth
 * Level 4.7 Spellcasting
 * Level 3.7 Conjurations
 * Level 5.2 Fire Magic
 * Level 0.2 Ice Magic


You had 10 spell levels left.
You knew the following spells:

 Your Spells              Type           Power      Damage    Failure   Level
a - Foxfire               Conj/Fire      80%        2x1d8     2%          1
b - Conjure Flame         Conj/Fire      20%        6-21      6%          3
c - Freeze                Ice            20%        1d4       12%         1

Your spell library contained the following spells:

 Spells                   Type           Power      Damage    Failure   Level
 Shock                    Conj/Air       44%        1d5       6%          1
 Inner Flame              Hex/Fire       13%        N/A       14%         3
 Blink                    Tloc           N/A        N/A       21%         2
 Corpse Rot               Necr/Air       N/A        N/A       21%         2
 Ensorcelled Hibernation  Hex/Ice        8%         N/A       21%         2
 Sticky Flame             Conj/Fire      20%        2d4       22%         4
 Frozen Ramparts          Ice            10%        1d3       36%         3
 Lesser Beckoning         Tloc           2%         N/A       38%         3
 Spider Form              Tmut/Pois      2%         N/A       38%         3
 Swiftness                Air            4%         N/A       38%         3
 Hailstorm                Conj/Ice       11%        3d5       52%         4
 Fireball                 Conj/Fire      10%        3d6       52%         5
 Airstrike                Air            2%         N/A       80%         4
 Borgnjor's Vile Clutch   Necr/Erth      2%         N/A       98%         5
 Manifold Assault         Tloc           4%         N/A       98%         5
 Death Channel            Necr           2%         N/A       100%        6
 Shadow Creatures         Summ           N/A        N/A       100%        6
 Simulacrum               Ice/Necr       2%         N/A       100%        6


Dungeon Overview and Level Annotations

Branches:
Dungeon (4/15)
 Temple: D:4-7

Altars:

Shops:
D:4 =![[!

Annotations:
D:4 Eustachio


Innate Abilities, Weirdness & Mutations

You are immune to sickness and miasma.
Your stone body is resilient. (AC +4)
You are immune to poison.
You resist negative energy. (rN+)
You are resistant to electric shocks. (rElec)
You are resistant to unholy torment.
You are immune to petrification.


Message History

Aiming: Freeze (safe; 12% risk of failure)
Press: ? - help, Shift-Dir - straight line, f/p - Eustachio
Aim: Eustachio, wielding a +0 rapier and wearing a +0 leather armour (heavily wounded)
You freeze Eustachio.
Eustachio is severely wounded.
The river rat disappears in a puff of smoke!
The rat disappears in a puff of smoke!
Eustachio hits you but does no damage. The white imp hits you.
The white imp freezes you. The river rat closely misses you. x2
Casting: Freeze (safe; 12% risk of failure)
Confirm with . or Enter, or press ? or * to list all spells.
Aiming: Freeze (safe; 12% risk of failure)
Press: ? - help, Shift-Dir - straight line, f/p - Eustachio
Aim: Eustachio, wielding a +0 rapier and wearing a +0 leather armour (severely wounded)
You freeze Eustachio.
Eustachio is severely wounded.
Eustachio hits you with a +0 rapier. The river rat barely misses you.
The white imp completely misses you. The river rat bites you.
* * * LOW HITPOINT WARNING * * *
Unknown command.
Casting: Freeze (safe; 12% risk of failure)
Confirm with . or Enter, or press ? or * to list all spells.
You don't know that spell.
Unknown command.
Unknown command.
Casting: Freeze (safe; 12% risk of failure)
Confirm with . or Enter, or press ? or * to list all spells.
You don't know that spell.
Okay, then.
Casting: Freeze (safe; 12% risk of failure)
Confirm with . or Enter, or press ? or * to list all spells.
Aiming: Freeze (safe; 12% risk of failure)
Press: ? - help, Shift-Dir - straight line, f/p - Eustachio
Aim: Eustachio, wielding a +0 rapier and wearing a +0 leather armour (severely wounded)
You freeze Eustachio.
Eustachio is severely wounded.
Eustachio hits you with a +0 rapier!
* * * LOW HITPOINT WARNING * * *
The river rat bites you.
You die...

#.....# #.....#.....#####
#...##### #........∩.....#
...##.#.####..............#
#........##.......##.###..#
#.........[..###.##### #
..........#..# #...#####
...........#####........
..........## #r.r...#..
........#.# ##@5r..#
........#..# #@###....
............ .r5 ....
........#.## ##... ..#
......... #.... ## #.#.##
#.#.. ......


You could see Eustachio, 2 river rats, a white imp (summoned), an ufetubus
(summoned), a quokka (summoned) and a rat (summoned).

Vanquished Creatures
  A centaur skeleton (D:3)
  A bullfrog skeleton (D:3)
  A gnoll shaman (D:4)
  A hound (D:4)
  An iguana (D:3)
  Natasha (thrice) (D:3)
  3 orc wizards (D:4)
  A howler monkey skeleton (D:4)
  11 gnolls
  3 adders
  A worm (D:2)
  3 dart slugs
  6 orcs (D:4)
  10 bats
  4 endoplasms
  6 giant cockroaches
  5 goblins
  3 hobgoblins
  8 jackals
  6 kobolds
  3 quokkas (D:2)
  8 ball pythons
  4 frilled lizards
  5 rats
98 creatures vanquished.

Vanquished Creatures (others)
  373 foxfires
373 creatures vanquished.

Grand Total: 471 creatures vanquished

Notes
Turn   | Place    | Note
-------+----------+-------------------------------------------
     0 | D:1      | funkygono the Gargoyle Fire Elementalist began the quest
                  | for the Orb.
     0 | D:1      | Reached XP level 1. HP: 10/10 MP: 3/3
    73 | D:1      | Got Sif Muna's Volume of Black Arts and the Snowflakes
   139 | D:1      | Reached XP level 2. HP: 15/15 MP: 3/5
   904 | D:1      | Reached XP level 3. HP: 19/19 MP: 4/6
  1313 | D:2      | Reached skill level 4 in Fire Magic
  1406 | D:2      | Reached XP level 4. HP: 24/24 MP: 3/8
  2014 | D:2      | Learned a level 3 spell: Conjure Flame
  2157 | D:3      | Noticed Natasha
  2164 | D:3      | Killed Natasha
  2255 | D:3      | Noticed Natasha
  2262 | D:3      | Reached XP level 5. HP: 23/28 MP: 4/10
  2274 | D:3      | Killed Natasha
  2532 | D:3      | Reached XP level 6. HP: 32/32 MP: 6/11
  2674 | D:3      | Noticed Natasha
  2680 | D:3      | Killed Natasha
  2912 | D:3      | Learned a level 1 spell: Freeze
  3020 | D:4      | Found Rubule's Antique Armour Shop.
  3114 | D:4      | Found Baceag's Distillery.
  3380 | D:4      | Reached XP level 7. HP: 36/36 MP: 5/13
  3385 | D:4      | Reached skill level 5 in Fire Magic
  3468 | D:4      | Found Jeosiq's Jewellery Emporium.
  3662 | D:4      | Found Cuisox's Armour Emporium.
  3754 | D:4      | Found Cupnej's Distillery.
  3769 | D:4      | Noticed Eustachio
  3779 | D:4      | Slain by a river rat

Illustrated notes

Levels and vault maps discovered:
D:1:      wander_arrival_abandoned_jail, layout_basic
D:2:      layout_basic
D:3:      layout_rooms, uniq_natasha
D:4:      layout_cave_pools, serial_shops, nicolae_shop_trees,
          nicolae_take_the_stairs, nicolae_stop_n_shop_1,
          nicolae_shop_waterfront, shop, uniq_eustachio

Skill      XL: |  1  2  3  4  5  6  7 |
---------------+----------------------+-----
Fire Magic     | 4 5 |  5.2
Spellcasting   | 3 4 |  4.7
Conjurations   | 2 3 |  3.7
Dodging        | |  1.8
Stealth        | |  2.1
Ice Magic      | |  0.2

Action                   |  1- 3 |  4- 6 |  7- 9 || total
-------------------------+-------+-------+-------++-------
Melee: Whip              |    14 |    13 |       ||    27
 Cast: Foxfire           |    56 |   132 |    30 ||   218
       Freeze            |       |     3 |     6 ||     9
  Use: Scroll            |     3 |     2 |       ||     5
Armor: Robe              |    16 |    19 |     5 ||    40
Dodge: Dodged            |    14 |    30 |    13 ||    57

Table legend: (Time is in decaauts)
 A = Elapsed time spent in this place.
 B = Non-inter-level travel time spent in this place.
 C = Inter-level travel time spent in this place.
 D = Time resting spent in this place.
 E = Time spent auto-exploring this place.
 F = Levels seen in this place.
 G = Mean time per level.
                   A        B        C        D        E       F      G
               +--------+--------+--------+--------+--------+-----+--------+
         Total |   3781 |   3741 |     40 |    171 |   2950 |   4 |  945.2 |
       Dungeon |   3781 |   3741 |     40 |    171 |   2950 |   4 |  945.2 |
               +--------+--------+--------+--------+--------+-----+--------+

Top non-repeatable levels by time:
     D:2: 1056 daAuts
     D:1: 982 daAuts
     D:3: 879 daAuts
     D:4: 863 daAuts
